 Dungeon Crawl Stone Soup version 0.30-a0-1075-gcd70e7a56d (webtiles) character file.

Game seed: 13092252247883025746

4614 Pimp the Fighter (level 10, -5/90 HPs)
             Began as a Yellow Draconian Fighter on Apr 14, 2023.
             Was an Elder of Cheibriados.
             Slain by a two-headed ogre
             ... wielding a +0 giant club
              (8 damage)
             ... on level 9 of the Dungeon.
             The game lasted 00:13:15 (8475 turns).

Pimp the Fighter (Yellow Draconian Fighter)         Turns: 8475, Time: 00:13:16

Health: -5/90      AC:  8    Str: 42    XL:     10   Next: 19%
Magic:  25/25      EV: 17    Int: 21    God:    Cheibriados [****..]
Gold:   1142       SH:  9    Dex: 21    Spells: 12/12 levels left

rFire   + . .      SeeInvis .    o - +5 war axe (elec)
rCold   . . .      Faith    +    b - +2 buckler
rNeg    + . .      Spirit   .    (body armour unavailable)
rPois   .          Reflect  .    (helmet restricted)
rElec   .          Rampage  .    (no cloak)
rCorr   +                        v - +0 pair of gloves
Will    .....                    (no boots)
Stlth   ++                       z
                                   - Hermit's Pendant {Faith Invo=14 Evo=0 MP+5}
HPRegen 0.35/turn                r - ring "Zionyinu" {rN+ Str+6}
MPRegen 0.19/turn                s - +6 ring of strength

@: flying, very slow
A: spit acid, AC +7, unfitting armour, cold-blooded, acid resistance, big wings,
fire resistance 1
a: Breathe Acid, Renounce Religion, Bend Time, Temporal Distortion, Slouch


You were on level 9 of the Dungeon.
You worshipped Cheibriados.
Cheibriados was greatly pleased with you.
You visited 1 branch of the dungeon, and saw 9 of its levels.

You collected 1142 gold pieces.

Inventory:

Hand Weapons
 a - a +1 war axe
 o - a +5 war axe of electrocution (weapon)
 x - a +2 war axe of freezing
Armour
 b - a +2 buckler (worn)
 v - a +0 pair of gloves (worn)
Jewellery
 h - a ring of poison resistance
 r - the ring "Zionyinu" (left hand) {rN+ Str+6}
   (You found it on level 4 of the Dungeon)

   [ring of strength]

   Str:       It affects your strength (+6).
   rN:        It protects you from negative energy.
 s - a +6 ring of strength (right hand)
 z - the Hermit's Pendant (around neck) {Faith Invo=14 Evo=0 MP+5}
   (You found it on level 7 of the Dungeon)

   [amulet of faith]

   Invo=14: It sets your Invocations skill to 14.
   Evo=0: It sets your Evocations skill to 0.
   It allows you to gain divine favour quickly.
   MP:        It affects your magic capacity (+5).
Wands
 e - a wand of digging (2)
 t - a wand of flame (30)
Scrolls
 g - a scroll of fog
 i - 2 scrolls of teleportation
 l - a scroll of fear
 m - 2 scrolls of vulnerability
 u - a scroll of blinking
 y - a scroll of poison {unknown}
Potions
 c - 2 potions of might
 d - a potion of haste
 f - a potion of attraction
 j - 2 potions of heal wounds
 k - a potion of cancellation
 n - 5 potions of curing
 p - a potion of degeneration
 q - 2 potions of resistance
 w - a potion of ambrosia


   Skills:
 + Level 8.8 Fighting
 + Level 7.7 Axes
 + Level 7.3 Dodging
 + Level 8.0 Shields
 + Level 1.5 Spellcasting


You had 12 spell levels left.
You didn't know any spells.
Your spell library contained the following spells:

 Spells                   Type           Power      Damage    Failure   Level
 Kiss of Death            Conj/Necr      4%         2d5       19%         1
 Magic Dart               Conj           4%         1d3       19%         1
 Call Imp                 Summ           2%         N/A       28%         2
 Scorch                   Fire           2%         2d5       28%         2
 Dazzling Flash           Conj/Hex       2%         N/A       50%         3
 Mephitic Cloud           Conj/Pois/Air  1%         N/A       50%         3
 Portal Projectile        Hex/Tloc       2%         N/A       50%         3
 Tukima's Dance           Hex            1%         N/A       50%         3
 Vhi's Electric Charge    Tloc/Air       2%         N/A       50%         3
 Flame Wave               Conj/Fire      1%         2d4       88%         4
 Agony                    Necr           1%         N/A       99%         5
 Arcjolt                  Conj/Air       0%         1d10      99%         5
 Blade Hands              Tmut           0%         N/A       99%         5
 Silence                  Hex/Air        0%         N/A       99%         5
 Plasma Beam              Fire/Air       0%         2x1d11    100%        6
 Summon Cactus Giant      Summ           0%         N/A       100%        6


Dungeon Overview and Level Annotations

Branches:
Dungeon (9/15)             Temple (0/1) D:7
   Lair: D:8-11         Orc: D:9-12

Altars:
Cheibriados
Fedhas
Hepliaklqana
Kikubaaqudgha
Qazlal
Sif Muna
Xom
Yredelemnul

Shops:
D:1 *


Innate Abilities, Weirdness & Mutations

You can spit globs of acid.
Your golden yellow scales are hard. (AC +7)
You cannot fit into any form of body armour.
You are cold-blooded and may be slowed by cold attacks.
You are resistant to acid. (rCorr)
Your large and strong wings let you fly.
Your flesh is heat resistant. (rF+)


Message History

The yak gores you but does no damage.
You slash the yak!
You tail-slap the yak, but do no damage.
The yak is almost dead.
The yak closely misses you.
You slice the yak!!
You kill the yak!
Cheibriados appreciates the change of pace.
You start resting.
HP restored.
You start waiting.
Done waiting.
You fly downwards.
There is a stone staircase leading up, spattered with blood here.
You now have 1142 gold pieces (gained 12).
You reach down and open the door.
There is an open door here.
You reach down and open the door.
There is an open door here.
A two-headed ogre comes into view.
It is wielding a +0 giant club and a +0 great mace.
You block the two-headed ogre's attack. The two-headed ogre closely misses you.
You slash the two-headed ogre!
Your tail-slap misses the two-headed ogre.
The two-headed ogre is moderately wounded.
The two-headed ogre hits you with a +0 giant club!!
You block the two-headed ogre's attack.
You hit the two-headed ogre.
The two-headed ogre is heavily wounded.
The two-headed ogre hits you with a +0 giant club.
The two-headed ogre hits you with a +0 great mace!
You barely miss the two-headed ogre.
The two-headed ogre is heavily wounded.
The two-headed ogre hits you with a +0 giant club!!
You block the two-headed ogre's attack.
You hit the two-headed ogre but do no damage.
The two-headed ogre is heavily wounded.
The two-headed ogre hits you with a +0 giant club!!
* * * LOW HITPOINT WARNING * * *
The two-headed ogre hits you with a +0 great mace!
You die...

#.............#
##+######.........#
#...#...#.........#
#...#...#.........##
#...#...#..........#
#...#...'...........
#...#...#...........
#..O#...#...........
#!.@##'##...........
#...................
+...................
#####...........)...
...........<)...
............(....
.................
..................
##################


You could see a two-headed ogre.

Vanquished Creatures
  An ugly thing (D:7)
  Prince Ribbit (D:6)
  9 yaks (D:8)
  Eustachio (D:4)
  A steam dragon (D:7)
  A water moccasin (D:6)
  An orc warrior (D:6)
  2 sky beasts
  2 ice beasts
  2 ogres
  A phantom (D:6)
  A kobold brigand (D:8)
  2 bullfrogs (D:7)
  A gnoll sergeant (D:8)
  4 scorpions
  5 killer bees (D:8)
  5 orc priests
  2 gnoll boudas (D:7)
  4 hounds
  A jelly (D:8)
  5 iguanas
  7 orc wizards
  12 gnolls
  5 adders
  2 white imps
  A dart slug (D:1)
  23 orcs
  9 ball pythons
  6 endoplasms
  5 giant cockroaches
  4 goblins
  6 hobgoblins
  16 jackals
  A quokka (D:2)
  4 bats (D:1)
  5 frilled lizards
  11 kobolds
  2 rats
171 creatures vanquished.

Vanquished Creatures (others)
  An orc wizard (D:5)
1 creature vanquished.

Grand Total: 172 creatures vanquished

Notes
Turn   | Place    | Note
-------+----------+-------------------------------------------
     0 | D:1      | Pimp the Draconian Fighter began the quest for the Orb.
     0 | D:1      | Reached XP level 1. HP: 19/19 MP: 1/1
    72 | D:1      | Reached XP level 2. HP: 26/26 MP: 2/2
   647 | D:1      | Reached XP level 3. HP: 33/33 MP: 3/3
   650 | D:1      | Found Wakk's Assorted Antiques.
   940 | D:2      | Found a faded altar of an unknown god.
   956 | D:2      | Got Plato's Grimoire of Blasting
  1112 | D:2      | Found a stormy altar of Qazlal.
  1909 | D:3      | Found a hazy altar of Hepliaklqana.
  2061 | D:3      | Found a snail-covered altar of Cheibriados.
  2082 | D:3      | Reached XP level 4. HP: 27/40 MP: 4/4
  2083 | D:3      | Became a worshipper of Cheibriados the Contemplative
  2170 | D:3      | Found a shimmering blue altar of Sif Muna.
  2318 | D:3      | Found a basalt altar of Yredelemnul.
  2658 | D:4      | Identified the ring "Zionyinu" {rN+ Str+6}
  2893 | D:4      | Reached XP level 5. HP: 45/46 MP: 5/5
  3110 | D:4      | Reached * piety under Cheibriados
  3129 | D:4      | Noticed Eustachio
  3167 | D:4      | HP: 1/47 [Eustachio/+0 falchion (6)]
  3169 | D:4      | Gained mutation: Your flesh is heat resistant. (rF+)
                  | [potion of mutation]
  3169 | D:4      | Gained mutation: Your large and strong wings let you fly.
                  | [potion of mutation]
  3175 | D:4      | HP: 3/70 [Eustachio/+0 falchion (3)]
  3176 | D:4      | Killed Eustachio
  3177 | D:4      | Reached XP level 6. HP: 4/55 MP: 6/6
  3635 | D:5      | Entered Level 5 of the Dungeon
  3774 | D:5      | Reached skill level 5 in Fighting
  3937 | D:5      | Found a blossoming altar of Fedhas.
  4025 | D:5      | Your scales start taking on a golden yellow colour.
  4025 | D:5      | Reached XP level 7. HP: 50/61 MP: 7/7
  4025 | D:5      | Gained mutation: You are resistant to acid. (rCorr) [Yellow
                  | Draconian growth]
  4125 | D:5      | Found an ancient bone altar of Kikubaaqudgha.
  4125 | D:5      | Found a shimmering altar of Xom.
  4146 | D:5      | Identified a scroll of acquirement
  4146 | D:5      | Acquired a +5 war axe of electrocution
  4153 | D:5      | Reached ** piety under Cheibriados
  4368 | D:5      | Reached skill level 5 in Shields
  4623 | D:6      | Noticed Prince Ribbit
  4631 | D:6      | Killed Prince Ribbit
  4632 | D:6      | Reached skill level 5 in Axes
  4632 | D:6      | Reached skill level 5 in Dodging
  4632 | D:6      | Reached XP level 8. HP: 60/70 MP: 8/8
  4916 | D:6      | Found a stormy altar of Qazlal.
  5213 | D:6      | Acquired 747 gold pieces
  5374 | D:7      | Reached *** piety under Cheibriados
  5477 | D:7      | Reached XP level 9. HP: 79/79 MP: 9/9
  5756 | D:7      | Found a staircase to the Ecumenical Temple.
  5815 | D:7      | Noticed a brown ugly thing
  5816 | D:7      | Found a faded altar of an unknown god.
  5816 | D:7      | Found the Hermit's Pendant {Faith Invo=14 Evo=0 MP+5}
  5829 | D:7      | Killed a brown ugly thing
  6779 | D:8      | Reached **** piety under Cheibriados
  8118 | D:8      | Reached XP level 10. HP: 85/90 MP: 20/20
  8140 | D:8      | Reached skill level 1 in Spellcasting
  8470 | D:9      | Noticed a two-headed ogre
  8475 | D:9      | HP: 3/90 [two-headed ogre/+0 giant club (33)]
  8475 | D:9      | Slain by a two-headed ogre

Illustrated notes

Levels and vault maps discovered:
D:1:      amcnicky_arrival_abandoned_market, layout_loops_ring, serial_shops,
          nicolae_diamond_shop
D:2:      layout_basic, shapermc_ecumenical_altar_rom_forum, basic_altar
D:3:      layout_loops_ring, mainiacjoe_overflow_small_starburst,
          nicolae_overflow_crystal_walls, cheibriados_altar_1,
          nzn_hepliaklqana_mist_gate
D:4:      layout_rooms, chequers_mini_garden, uniq_eustachio
D:5:      layout_cave_pools, fedhas_altar_fruit_tree,
          mainiacjoe_overflow_divided_tiny
D:6:      layout_gridville, mainiacjoe_overflow_chevrons, uniq_prince_ribbit1
D:7:      layout_basic, minmay_temple_entry_butterflies,
          hellmonk_guarded_unrand_hermit
D:8:      layout_layer_cave
D:9:      layout_grid_maze, nicolae_elyvilon_temple_path, serial_bayou_ford_a

Skill      XL: |  1  2  3  4  5  6  7  8  9 10 |
---------------+-------------------------------+-----
Dodging        | 3 4 5 6 7 |  7.3
Fighting       | 4 5 6 7 8 |  8.8
Axes           | 3 4 5 6 7 |  7.7
Shields        | 4 5 6 7 8 |  8.0
Spellcasting   | 1 |  1.5

Action                     |  1- 3 |  4- 6 |  7- 9 | 10-12 || total
---------------------------+-------+-------+-------+-------++-------
  Melee: War axe           |   140 |   139 |   178 |    15 ||   472
         Tailslap          |     9 |    16 |    26 |     2 ||    53
    Use: Scroll            |       |    13 |     9 |       ||    22
         Potion            |       |     4 |     1 |       ||     5
   Stab: Sleeping          |     1 |       |       |       ||     1
 Armour: Skin              |    59 |    62 |    46 |     6 ||   173
  Dodge: Dodged            |   162 |    95 |   144 |    12 ||   413
  Block: Buckler           |    45 |    32 |    58 |     7 ||   142

Table legend: (Time is in decaauts)
 A = Elapsed time spent in this place.
 B = Non-inter-level travel time spent in this place.
 C = Inter-level travel time spent in this place.
 D = Time resting spent in this place.
 E = Time spent auto-exploring this place.
 F = Levels seen in this place.
 G = Mean time per level.
                   A        B        C        D        E       F      G
               +--------+--------+--------+--------+--------+-----+--------+
         Total |  10563 |  10280 |    283 |   1857 |   6855 |   9 | 1173.7 |
       Dungeon |  10563 |  10280 |    283 |   1857 |   6855 |   9 | 1173.7 |
               +--------+--------+--------+--------+--------+-----+--------+

Top non-repeatable levels by time:
     D:8: 2810 daAuts
     D:7: 1737 daAuts
     D:4: 1239 daAuts
     D:2: 1057 daAuts
     D:5: 977 daAuts
     D:3: 965 daAuts
     D:6: 944 daAuts
     D:1: 770 daAuts
     D:9: 60 daAuts
